Description

https://www.youtube.com/watch?v=gYrY76NYx4M

WITH NOTES! (Which can be super helpful)

VOD

https://www.youtube.com/watch?v=gYrY76NYx4M

Replay - Guide - How to play Terran vs Protoss in 2020! by Beastyqt

Build Order

Get SALT Encoding   

  12  0:00  SCV  
  13  0:13  SCV  
  14  0:17  Supply Depot  
  14  0:25  SCV  
  15  0:39  SCV  
  15  0:40  Barracks  
  16  0:46  Refinery  Scout with next SCV!! Proxy Gate? Fast expand?
  16  0:51  SCV  
  17  1:03  SCV  
  18  1:15  SCV  
  19  1:28  Reaper  
  19  1:29  Orbital Command  
  20  1:44  Command Center  
  20  1:56  SCV  
  20  1:57  Supply Depot  
  20  2:00  Marine  
  22  2:08  SCV  
  23  2:11  Factory  
  23  2:20  SCV  
  23  2:22  Barracks Reactor  
  24  2:25  Bunker  Bunker at expansion (after second Supply Depot)
  24  2:28  Refinery  At main base
  24  2:32  SCV  Scout with Reaper! Gateways: pressure! Twilight Council: Blink Stalker, Chargelots, Adpets, Dark Templar! Robo: Warp Prism, Observer! Gateway: Oracle!
  25  2:44  SCV  Scouting is number one priority! Killing probes is optional and is not tradable with one reaper!
  26  2:56  SCV  
  26  2:57  Starport  
  27  2:59  Orbital Command  
  27  3:01  Marine x2  
  27  3:05  Widow Mine  
  31  3:08  SCV  
  32  3:19  Marine x2  
  34  3:20  SCV  
  34  3:24  Supply Depot  SCV which builds supply depots should constantly build more
  34  3:26  SCV  
  36  3:29  Widow Mine  Build up to 3 Widow Mines
  36  3:32  SCV  
  36  3:34  Medivac  
  41  3:37  Marine x2  Constant Marine Production!
  41  3:39  SCV  
  44  3:44  SCV  
  44  3:47  Supply Depot  
  45  3:51  Widow Mine, SCV  
  48  3:57  SCV  
  48  3:58  Marine x2  
  51  4:03  SCV  
  51  4:09  Starport Tech Lab, SCV  @ 53 supply: Send Medivac w/3 Widow Mines
  53  4:11  Barracks x2  Send Medivac w/3 Widow Mines
  53  4:15  SCV  
  54  4:17  Supply Depot  
  54  4:18  Marine x2  
  54  4:19  Factory Tech Lab  
  54  4:22  SCV x2  
  57  4:25  Refinery  
  58  4:32  Supply Depot  
  58  4:34  Raven  
  58  4:37  Marine x2  
  62  4:39  SCV x2  
  62  4:41  Siege Tank  
  67  4:47  Supply Depot  
  67  4:51  SCV x2  
  68  4:55  Engineering Bay, Marine x2  Starport Tech Lab --> Barracks and start Stim, Starport Tech Lab --> Barracks and start Stim, Starport Tech Lab --> Barracks and start Stim
  71  5:03  SCV x2  
  72  5:07  Marine  
  74  5:15  SCV x2, Siege Tank  
  74  5:17  Supply Depot  
  79  5:22  Marine x3  
  79  5:23  Stimpack  
  79  5:24  Starport Reactor  
  79  5:25  Barracks Tech Lab  
  79  5:27  SCV  
  79  5:28  Supply Depot  Research Stimpacks
  83  5:32  Terran Infantry Weapons Level 1  
  83  5:34  SCV  
  84  5:36  Refinery  4th gas
  84  5:42  Supply Depot  
  84  5:44  Marine x3  
  84  5:45  Combat Shield  
  87  5:58  Command Center  
  87  6:02  Marauder x2  
  87  6:03  Marine x2  
  93  6:05  Medivac  
  93  6:08  Supply Depot x2  
  93  6:10  Medivac  
  97  6:16  Barracks x2  
  97  6:19  Factory Reactor  
  97  6:21  Marine x4  
  101  6:27  SCV x2  
  103  6:44  Marauder x2  
  103  6:45  Supply Depot  
  107  6:49  SCV x2  Push when 2 Medivacs and 1 Ravens, Push when 2 Medivacs and 1 Ravens
  107  6:53  Marine x2  Push when 2 Medivacs and 1 Ravens, Push when 2 Medivacs and 1 Ravens
  107  6:54  Medivac x2  3rd & 4th loaded Medivacs: Opt 1: multi-pronged attack !! Opt 2: reinforce main attacking army, 3rd & 4th loaded Medivacs: Opt 1: multi-pronged attack !! Opt 2: reinforce main attacking army
  115  7:01  Armory, SCV x2  
  115  7:03  Engineering Bay  
  117  7:12  Orbital Command, Factory Reactor  
  117  7:13  SCV x2  siege outside third base! Medivac drop in main or natural! let Protoss engage YOU!, siege outside third base! Medivac drop in main or natural! let Protoss engage YOU!
  118  7:18  Marine x2, Marauder x2  siege outside third base! Medivac drop in main or natural! let Protoss engage YOU!, siege outside third base! Medivac drop in main or natural! let Protoss engage YOU!, siege outside third base! Medivac drop in main or natural! let Protoss engage YOU!, siege outside third base! Medivac drop in main or natural! let Protoss engage YOU!
  125  7:27  Terran Infantry Armor Level 1  Raven: Interference Matrix or Anti-Armor Missle on Gatewayunits with Auto-Turrets
  125  7:29  Supply Depot  
  119  7:30  Orbital Command  
  119  7:32  Marine x2, Marauder, Medivac x2  
  127  7:39  Marauder, Concussive Shells  
  127  7:41  SCV  
  128  7:50  Marine, Marauder x2  
  120  7:54  SCV  
  120  7:57  Missile Turret x2  Saturate Minerals at third, Saturate Minerals at third
  123  8:00  SCV x2  
  123  8:03  Missile Turret x2  
  127  8:06  SCV  
  127  8:08  Marine x2  
  127  8:09  Terran Infantry Weapons Level 2  
  120  8:13  SCV x2  
  120  8:14  Terran Ship Weapons Level 1  Take 5th & 6th Gas
  120  8:17  Refinery x2  Take 5th & 6th Gas, Take 5th & 6th Gas
  120  8:18  SCV, Supply Depot  Transition to Liberators, Transition to Liberators
  121  8:25  Marine, SCV, Marauder x3  
  125  8:29  Medivac x2  
  131  8:35  SCV x2  
  131  8:36  Supply Depot  
  133  8:42  Marine x4  
  133  8:44  Starport  
  133  8:45  Supply Depot  
  133  8:47  Liberator  
  137  8:55  Marauder, Marine x2  
  141  8:56  SCV x2  
  141  8:57  Fusion Core  
  141  9:00  Command Center  
  143  9:06  Liberator, SCV  
  143  9:08  Supply Depot  
  143  9:09  Marine x3  
  149  9:13  Marauder x2  
  149  9:14  Supply Depot  
  154  9:18  Marine  
  154  9:19  Marauder  
  160  9:25  Starport Reactor  
  160  9:26  Widow Mine x2  
  160  9:27  Marine x2  
  166  9:33  Marine  
  166  9:34  Marauder x2  
  171  9:43  Marauder, Marine x2  
  174  9:46  Liberator, Advanced Ballistics, Ghost Academy  
  175  9:53  Supply Depot  
  175  9:54  Missile Turret x3  
  175  9:56  Marauder x2, Marine  
Spawning Tool Build Advisor. Get it on Overwolf

Analysis

https://www.youtube.com/watch?v=gYrY76NYx4M

Go to:

Details

  • Created by: Syndrox
  • Published on: Mar 31, 2020
  • Modified on: Mar 31, 2020
  • Patch: 4.11.0
Show
View Real Time Build Order
Export as new Build Order

Comments (0)

There are no comments. Be the first!

Create an account to comment!